 Dungeon Crawl Stone Soup version 0.22-a0-425-g89d60a11d8 (webtiles) character file.

165 RedPan the Ruffian (level 5, -7/44 HPs)
             Began as a Naga Transmuter on May 23, 2018.
             Was an Initiate of Cheibriados.
             Mangled by an orc
             ... wielding a +0 hand axe of electrocution
              (12 damage)
             ... on level 3 of the Dungeon on May 24, 2018.
             The game lasted 00:07:41 (3772 turns).

RedPan the Ruffian (Naga Transmuter)                Turns: 3772, Time: 00:07:42

Health: -7/44      AC:  2    Str: 13    XL:     5   Next: 46%
Magic:  8/8        EV: 10    Int: 16    God:    Cheibriados [......]
Gold:   185        SH:  0    Dex: 12    Spells: 1/8 levels left

rFire    . . .     SeeInvis +   g - +0 dagger (venom)
rCold    . . .     Gourm    .   (no shield)
rNeg     . . .     Faith    .   b - +0 robe
rPois    +         Spirit   .   (no helmet)
rElec    .         Reflect  .   (no cloak)
rCorr    .         Harm     .   (no gloves)
MR       .....                  (no barding)
Stlth    +.........             (no amulet)
HPRegen  0.14/turn              h - ring of see invisible
MPRegen  0.11/turn              (no ring)

@: drained, very slow
A: large, see invisible, deformed body, poison resistance, slowness 2, slow
metabolism 1, spit poison 1, AC +1
a: Spit Poison, Bend Time, Renounce Religion


You were on level 3 of the Dungeon.
You worshipped Cheibriados.
Cheibriados was noncommittal.
You were not hungry.

You visited 1 branch of the dungeon, and saw 3 of its levels.

You collected 185 gold pieces.

Inventory:

Hand Weapons
 g - a +0 dagger of venom (weapon)
Missiles
 a - 62 arrows
 c - a throwing net (quivered)
Armour
 b - a +0 robe (worn)
Jewellery
 h - a ring of see invisible (left hand)
Wands
 o - a wand of flame (26)
 p - a wand of paralysis (8)
Scrolls
 e - 2 scrolls of remove curse
 i - a scroll of enchant weapon {unknown}
 j - 4 scrolls of identify
 k - 3 scrolls of enchant armour {unknown}
 l - a scroll of teleportation {unknown}
 m - a scroll of blinking {unknown}
 r - a scroll of random uselessness {unknown}
Potions
 f - a potion of brilliance
 n - a potion of heal wounds {unknown}
 q - 2 potions of flight {unknown}
 s - a potion of curing {unknown}
Comestibles
 d - 10 rations
 t - 4 chunks of flesh


   Skills:
 - Level 1.0(0.8) Fighting
 - Level 1.5(1.3) Dodging
 + Level 4.4(4.2) Unarmed Combat
 - Level 2.0(1.8) Spellcasting
 + Level 3.8(3.6) Transmutations
 + Level 1.7(1.5) Ice Magic


You had one spell level left.
You knew the following spells:

 Your Spells              Type           Power        Failure   Level  Hunger
a - Beastly Appendage     Tmut           ##....       4%          1    ##.....
b - Sticks to Snakes      Tmut           ##......     7%          2    ###....
c - Ice Form              Ice/Tmut       #.......     58%         4    #####..

Your spell library contained the following spells:

 Spells                   Type           Power        Failure   Level  Hunger
 Spider Form              Tmut/Pois      #.........   30%         3    ####...
 Blade Hands              Tmut           ##........   78%         5    ######.


Dungeon Overview and Level Annotations

Branches:
Dungeon (3/15)

Altars:
Ashenzari
Cheibriados
Gozag
Ru
Xom


Innate Abilities, Weirdness & Mutations

You cannot wear boots.
Your serpentine skin is tough. (AC +1)
You have supernaturally acute eyesight. (SInv)
Armour fits poorly on your strangely shaped body.
Your system is resistant to poisons. (rPois)
You cover ground very slowly.
You have a slow metabolism.
You can spit poison.


Message History

An orc comes into view. It is wielding a hand axe.
The orc moves out of view.
The orc wizard shouts!
The orc shouts!
You barely miss the orc.
The orc hits you with a hand axe of electrocution.
You are electrocuted!
You hit the orc.
The orc is heavily wounded.
The orc hits you with a hand axe of electrocution.
You hit the orc.
The orc is poisoned.
The orc is severely wounded.
The orc hits you with a hand axe of electrocution.
You are electrocuted!
* * * LOW HITPOINT WARNING * * *
You hit the orc but do no damage.
The orc looks as sick as possible!
The orc is severely wounded.
The orc hits you with a hand axe of electrocution.
* * * LOW HITPOINT WARNING * * *
You are electrocuted!
You die...

.#############
.............#
####...####.##
#.....##...######
##)..###)...@oo.#
##.## #...####.#
#.# ##### .# #.#
o# ##'## .#
##...## o.
##.....## ob
##.......# o#
###.........#


You could see an orc wizard and an orc.

Vanquished Creatures
  A howler monkey (D:2)
  Ijyb (D:3)
  A worker ant (D:3)
  2 adders
  3 leopard geckos
  An orc (D:3)
  5 bats
  5 giant cockroaches
  6 goblins
  8 hobgoblins
  3 jackals (D:3)
  8 kobolds
  2 quokkas
  A ball python (D:1)
  3 frilled lizards
  5 rats
55 creatures vanquished.

Notes
Turn   | Place    | Note
-------+----------+-------------------------------------------
     0 | D:1      | RedPan the Naga Transmuter began the quest for the Orb.
     0 | D:1      | Reached XP level 1. HP: 18/18 MP: 3/3
     1 | D:1      | Noticed an electric eel
   198 | D:1      | Reached XP level 2. HP: 16/25 MP: 5/5
  1015 | D:2      | Noticed a howler monkey
  1024 | D:2      | Killed a howler monkey
  1024 | D:2      | Reached XP level 3. HP: 11/31 MP: 6/6
  1034 | D:2      | Reached skill level 4 in Unarmed Combat
  1034 | D:2      | Reached XP level 4. HP: 6/38 MP: 7/7
  1038 | D:2      | HP: 1/38 [goblin/stone (4)]
  1364 | D:1      | Learned a level 2 spell: Sticks to Snakes
  1369 | D:1      | Learned a level 4 spell: Ice Form
  1979 | D:2      | Found a snail-covered altar of Cheibriados.
  1979 | D:2      | Found an opulent altar of Gozag.
  2747 | D:3      | Found a shimmering altar of Xom.
  2795 | D:3      | Reached skill level 1 in Ice Magic
  3231 | D:2      | Found a shattered altar of Ashenzari.
  3249 | D:2      | Became a worshipper of Cheibriados the Contemplative
  3392 | D:3      | Found a sacrificial altar of Ru.
  3414 | D:3      | Noticed Ijyb
  3429 | D:3      | Paralysed by Ijyb for 3 turns
  3435 | D:3      | Killed Ijyb
  3435 | D:3      | Reached XP level 5. HP: 37/44 MP: 8/8
  3621 | D:3      | Upgraded the game from 0.22-a0-422-g9628fc87f1 to 0.22-a0-425-g89d60a11d8
  3772 | D:3      | Mangled by an orc

Vault maps used:
D:1:      arrival_aquarium_a
D:2:      nicolae_overflow_hidden_temple, first_ration, supply_closet_lemuel,
          minmay_splitting_lines
D:3:      nicolae_ru_the_path_less_chosen, old_standard_altar, uniq_ijyb

Skill      XL: |  1  2  3  4 |
---------------+-------------+-----
Transmutations | 3 |  3.8
Unarmed Combat | 4 |  4.4
Ice Magic      | 1 |  1.7
Fighting       | |  1.0
Dodging        | |  1.5
Spellcasting   | |  2.0

Action                   |  1- 3 |  4- 6 || total
-------------------------+-------+-------++-------
Melee: Unarmed           |    14 |       ||    14
       Dagger            |    46 |   154 ||   200
       Punch             |     1 |     1 ||     2
  Use: Scroll            |     3 |       ||     3
 Stab: Sleeping          |       |     2 ||     2
  Eat: Chunk             |       |     7 ||     7
Armor: Robe              |    12 |    27 ||    39
Dodge: Dodged            |    41 |    66 ||   107

Table legend:
 A = Spawn XP
 B = Non-spawn XP
 C = Spawn XP percentage of total XP
 D = Spawn monster count
 E = Non-spawn monster count
 F = Spawn count percentage of total count
 G = Total turns spent on level
                    A         B        C        D         E        F      G
               +---------+---------+-------+---------+---------+-------+---------
         Total |       0 |     237 |   0.0 |       0 |      55 |   0.0 |  3772
               +---------+---------+-------+---------+---------+-------+---------
           D:1 |       0 |      34 |   0.0 |       0 |      13 |   0.0 |  1515
           D:2 |       0 |      93 |   0.0 |       0 |      16 |   0.0 |   812
           D:3 |       0 |     110 |   0.0 |       0 |      26 |   0.0 |  1445
               +---------+---------+-------+---------+---------+-------+---------
